 Dungeon Crawl Stone Soup version 0.29.0-4-gdea44cf6ec (webtiles) character file.

Game seed: 16550078586515963637

6855 qw the Grappler (level 10, -1/96 HPs)
             Began as a Troll Cinder Acolyte on Aug 30, 2022.
             Was a Follower of Ignis.
             Killed from afar by Fannar (20 damage)
             ... with a bolt of cold
             ... on level 1 of the Lair of Beasts.
             The game lasted 00:03:46 (7731 turns).

qw the Grappler (Troll Cinder Acolyte)              Turns: 7731, Time: 00:03:47

Health: -1/96      AC: 14    Str: 31    XL:     10   Next: 78%
Magic:  10/10      EV:  8    Int: 10    God:    Ignis [*.....]
Gold:   717        SH:  7    Dex:  5    Spells: 11/11 levels left

rFire   + . .      SeeInvis .     - Unarmed
rCold   . . .      Faith    .   o - +0 kite shield
rNeg    . . .      Spirit   .   m - +0 troll leather armour
rPois   .          Reflect  .   c - +0 hat of Satisfaction {Str+3}
rElec   .          Harm     .   k - +0 cloak
rCorr   .          Rampage  .   (gloves unavailable)
Will    .....                   (boots unavailable)
Stlth   +.........              f - amulet of regeneration
HPRegen 2.66/turn               (no ring)
MPRegen 0.12/turn               (no ring)

@: about to teleport, fiery-armoured
A: large, unfitting armour, claws 3, regeneration 1, shaggy fur 1, tough skin 1
a: Renounce Religion, Fiery Armour, Foxfire Swarm, Rising Flame


You were on level 1 of the Lair of Beasts.
You worshipped Ignis.
Ignis was aware of your devotion.
You visited 2 branches of the dungeon, and saw 11 of its levels.

You collected 717 gold pieces.


Innate Abilities, Weirdness & Mutations

You are too large for most types of armour.
You have claws for hands.
Your natural rate of healing is unusually fast.
You are covered in fur. (AC +1)
You have tough skin. (AC +1)


   Skills:
 - Level 5.3 Fighting
 - Level 4.0 Throwing
 - Level 2.3 Armour
 - Level 1.0 Dodging
 + Level 4.8 Shields
 - Level 13.6 Unarmed Combat
 - Level 1.0 Spellcasting
 - Level 2.1 Fire Magic


You had 11 spell levels left.
You didn't know any spells.
Your spell library contained the following spells:

 Spells                   Type           Power      Damage    Failure   Level
 Scorch                   Fire           8%         2d5       47%         2

Inventory:

Missiles
 b - 7 boomerangs (quivered)
 p - 6 silver javelins
Armour
 c - the +0 hat of Satisfaction (worn) {Str+3}
   (You acquired it on level 5 of the Dungeon)

   Str:       It affects your strength (+3).
 k - a +0 cloak (worn)
 m - a +0 troll leather armour (worn)
 o - a +0 kite shield (worn)
Jewellery
 f - an amulet of regeneration (around neck)
Scrolls
 d - 6 scrolls of identify
 l - 2 scrolls of enchant weapon
Potions
 a - a potion of mutation
 e - a potion of resistance
 g - 2 potions of curing
 h - a potion of cancellation
 j - 3 potions of might

Dungeon Overview and Level Annotations

Branches:
Dungeon (10/15)            Temple (0/1) D:4            Lair (1/5) D:10
    Orc: D:9-12

Altars:
Ashenzari
Cheibriados
Dithmenos
Elyvilon
Fedhas
Makhleb
Okawaru
Ru
Sif Muna
Trog
Uskayaw
Vehumet
Wu Jian
The Shining One

Shops:
D:3 [   D:4 [   D:10 *

Annotations:
D:3 4 transporters, qw's ghost, weakling TeWr
D:6 1 runed translucent door, qw's ghost, novice TeWr
Lair:1 Fannar


Message History

Fannar is burned by your cloak of flames.
Fannar is lightly wounded.
The rime drake breathes ice at you. The flash freeze misses you.
You barely miss Fannar.
Fannar is lightly wounded.
Fannar hits you but does no damage. Fannar freezes you.
Fannar is burned by your cloak of flames.
Fannar is lightly wounded.
You mangle the rime drake!!
You kill the rime drake!
Fannar hits you with a staff of cold. Fannar freezes you!
Fannar is burned by your cloak of flames.
Fannar is lightly wounded.
You mangle Fannar!!
Fannar is moderately wounded.
Fannar mumbles some strange words.
Fannar drains the heat from the surrounding environment!
You closely miss Fannar.
Fannar is moderately wounded.
You scratch Fannar.
Fannar is heavily wounded.
A nearby plant withers and dies.
Fannar barely misses you.
You miss Fannar.
Fannar is heavily wounded.
Fannar mumbles some strange words.
Fannar drains the heat from the surrounding environment!
7729 ||| READING scroll of teleportation.
As you read the scroll of teleportation, it crumbles to dust.
You feel strangely unstable.
Fannar casts a spell.
Fannar drains the heat from the surrounding environment!
7730 ||| DRINKING potion of heal wounds.
You feel much better. Fannar hits you with a staff of cold. Fannar freezes you!
You claw Fannar!
Fannar is heavily wounded.
Fannar gestures at you while chanting. The bolt of cold hits you!!
You die...

... ..... ...
.....# ....
.....### .....
.......
.....###..#/###
..............?
##.#..e....####.
.......@........
###........###. #
#...../.####..#
.$..............#
#####.####.####.#
##..####.##P..##
...............#
....#####.####.##
....###.#.#P#..##


You could see Fannar.

Vanquished Creatures
  A two-headed ogre (D:9)
  Pikel (D:5)
  Maggie (D:6)
  A rime drake (Lair:1)
  A komodo dragon (D:10)
  A troll (D:9)
  A vampire (D:10)
  2 wyverns
  7 yaks
  2 water moccasins
  2 ice beasts (D:8)
  3 orc warriors
  A sky beast (D:6)
  4 ogres
  3 centaurs
  2 lemures (D:5)
  A phantom (D:5)
  3 gnoll sergeants
  A kobold brigand (D:10)
  2 bullfrogs (D:7)
  A scorpion (D:4)
  4 wights (D:8)
  7 killer bees
  A howler monkey (D:10)
  3 hounds
  A gnoll bouda (D:6)
  3 jellies
  3 orc priests
  Terence (D:2)
  3 iguanas
  9 orc wizards
  21 gnolls
  6 adders
  A shadow imp (D:7)
  An ufetubus (D:6)
  3 worms
  4 dart slugs
  26 orcs
  4 ball pythons
  4 endoplasms
  2 giant cockroaches
  4 hobgoblins
  2 quokkas
  A bat (D:1)
  5 frilled lizards
  7 goblins
  7 kobolds
  5 rats
179 creatures vanquished.

Vanquished Creatures (others)
  A plant (Lair:1)
1 creature vanquished.

Grand Total: 180 creatures vanquished

Notes
Turn   | Place    | Note
-------+----------+-------------------------------------------
     0 | D:1      | qw the Troll Cinder Acolyte began the quest for the Orb.
     0 | D:1      | Reached XP level 1. HP: 22/22 MP: 1/1
     0 | D:1      | 0 ||| qw: Version: 0.1-a-95-gae9e614
     0 | D:1      | 0 ||| qw: Game counter: 4409
     0 | D:1      | 0 ||| qw: Always use a shield: true
     0 | D:1      | 0 ||| qw: God list: Okawaru
     0 | D:1      | 0 ||| qw: Allow faded altars: false
     0 | D:1      | 0 ||| qw: Do Orc after D:15 true
     0 | D:1      | 0 ||| qw: Do second Lair branch before Depths: true
     0 | D:1      | 0 ||| qw: Lair rune preference: random
     0 | D:1      | 0 ||| qw: Plans: Normal
     0 | D:1      | 0 ||| PLANNING D:1-11
    54 | D:1      | 54 ||| Stepping ~*~*~tactically~*~*~ (hiding).
   277 | D:1      | 277 ||| Stepping ~*~*~tactically~*~*~ (stealth).
   292 | D:1      | Reached XP level 2. HP: 29/29 MP: 2/2
   641 | D:1      | 641 ||| READING scroll labelled UGILYPL JIOMU.
   642 | D:1      | 642 ||| READING scroll labelled YTEB KYR JUXTALL.
   643 | D:1      | 643 ||| READING scroll labelled YLIGRI PUCITO.
   739 | D:2      | 739 ||| INVOKING Fiery Armour.
   739 | D:2      | Noticed Terence
   744 | D:2      | 744 ||| Stepping ~*~*~tactically~*~*~ (outnumbered).
   745 | D:2      | 745 ||| Stepping ~*~*~tactically~*~*~ (outnumbered).
   747 | D:2      | 747 ||| Stepping ~*~*~tactically~*~*~ (outnumbered).
   749 | D:2      | Reached skill level 4 in Unarmed Combat
   752 | D:2      | Reached XP level 3. HP: 36/36 MP: 3/3
   754 | D:2      | Killed Terence
   757 | D:2      | Reached XP level 4. HP: 44/44 MP: 4/4
   762 | D:2      | Reached skill level 5 in Unarmed Combat
   770 | D:2      | 770 ||| Stepping ~*~*~tactically~*~*~ (stealth).
   772 | D:2      | 772 ||| Stepping ~*~*~tactically~*~*~ (stealth).
   774 | D:2      | 774 ||| Stepping ~*~*~tactically~*~*~ (stealth).
   776 | D:2      | 776 ||| Stepping ~*~*~tactically~*~*~ (stealth).
   778 | D:2      | 778 ||| Stepping ~*~*~tactically~*~*~ (stealth).
   780 | D:2      | 780 ||| Stepping ~*~*~tactically~*~*~ (stealth).
   806 | D:2      | 806 ||| Stepping ~*~*~tactically~*~*~ (stealth).
   905 | D:2      | 905 ||| Stepping ~*~*~tactically~*~*~ (hiding).
  1462 | D:2      | 1462 ||| READING scroll labelled GOGENY MUODILO.
  1463 | D:2      | 1463 ||| READING scroll labelled AVVECE SIGARGH.
  1464 | D:2      | 1464 ||| READING scroll labelled UROWKUTIXE.
  1465 | D:2      | 1465 ||| DRINKING 2 lumpy emerald potions.
  1466 | D:2      | 1466 ||| READING 2 scrolls of identify.
  1466 | D:2      | 1466 ||| IDENTIFYING sedimented ruby potion
  1467 | D:2      | 1467 ||| DROPPING potion of ambrosia.
  1518 | D:3      | Found a transporter.
  1524 | D:3      | Noticed qw's ghost (weakling TeWr)
  1541 | D:3      | Found a transporter.
  1552 | D:3      | 1552 ||| Stepping ~*~*~tactically~*~*~ (stealth).
  1584 | D:3      | Found a transporter.
  1659 | D:3      | 1659 ||| INVOKING Fiery Armour.
  1660 | D:3      | Found a snail-covered altar of Cheibriados.
  1668 | D:3      | Reached XP level 5. HP: 48/50 MP: 5/5
  1870 | D:3      | Found a transporter.
  1883 | D:3      | Noticed a kobold demonologist
  1911 | D:3      | Found Boac's Armour Emporium.
  1942 | D:3      | 1942 ||| INVOKING Fiery Armour.
  1959 | D:3      | Reached skill level 6 in Unarmed Combat
  1961 | D:3      | 1961 ||| FLEEEEING.
  1962 | D:3      | 1962 ||| FLEEEEING.
  2153 | D:3      | 2153 ||| UPGRADING to amulet of regeneration.
  2158 | D:3      | 2158 ||| READING scroll labelled SASANOASHO.
  2159 | D:3      | 2159 ||| READING scroll labelled NUYNUH ERUH.
  2160 | D:3      | 2160 ||| READING 5 scrolls of identify.
  2160 | D:3      | 2160 ||| IDENTIFYING murky amethyst potion
  2161 | D:3      | 2161 ||| READING 4 scrolls of identify.
  2161 | D:3      | 2161 ||| IDENTIFYING puce potion
  2162 | D:3      | 2162 ||| READING 3 scrolls of identify.
  2162 | D:3      | 2162 ||| IDENTIFYING viscous puce potion
  2163 | D:3      | 2163 ||| DROPPING potion of attraction.
  2164 | D:3      | 2164 ||| DROPPING potion of brilliance.
  2194 | D:4      | Found a staircase to the Ecumenical Temple.
  2234 | D:4      | 2234 ||| Stepping ~*~*~tactically~*~*~ (stealth).
  2239 | D:4      | 2239 ||| Stepping ~*~*~tactically~*~*~ (outnumbered).
  2241 | D:4      | 2241 ||| Stepping ~*~*~tactically~*~*~ (outnumbered).
  2292 | D:4      | Found an iron altar of Okawaru.
  2333 | D:4      | Found a white marble altar of Elyvilon.
  2341 | D:4      | Reached skill level 7 in Unarmed Combat
  2341 | D:4      | Reached XP level 6. HP: 59/59 MP: 6/6
  2365 | D:4      | Found a sacrificial altar of Ru.
  2406 | D:4      | Found a shimmering blue altar of Sif Muna.
  2471 | D:4      | Found Anuth's Antique Armour Emporium.
  2485 | D:4      | Found a burning altar of Makhleb.
  2492 | D:4      | 2492 ||| Stepping ~*~*~tactically~*~*~ (stealth).
  2493 | D:4      | 2493 ||| Stepping ~*~*~tactically~*~*~ (stealth).
  2729 | D:4      | Found a blossoming altar of Fedhas.
  2918 | D:4      | 2918 ||| READING scroll labelled MACROP KEUFU.
  2919 | D:4      | 2919 ||| READING scroll labelled BAJA CONWIYP ZYS.
  3058 | D:5      | Entered Level 5 of the Dungeon
  3061 | D:5      | 3061 ||| Stepping ~*~*~tactically~*~*~ (stealth).
  3068 | D:5      | 3068 ||| INVOKING Fiery Armour.
  3068 | D:5      | HP: 2/59 [ogre/+0 giant spiked club (15)]
  3069 | D:5      | 3069 ||| DRINKING 2 potions of heal wounds.
  3071 | D:5      | Reached skill level 8 in Unarmed Combat
  3071 | D:5      | Reached XP level 7. HP: 30/66 MP: 7/7
  3133 | D:5      | Reached skill level 3 in Fighting
  3179 | D:5      | 3179 ||| Stepping ~*~*~tactically~*~*~ (hiding).
  3181 | D:5      | 3181 ||| Stepping ~*~*~tactically~*~*~ (hiding).
  3234 | D:5      | Found a shadowy altar of Dithmenos.
  3275 | D:5      | Noticed Pikel
  3280 | D:5      | 3280 ||| Stepping ~*~*~tactically~*~*~ (outnumbered).
  3281 | D:5      | 3281 ||| INVOKING Fiery Armour.
  3282 | D:5      | 3282 ||| Stepping ~*~*~tactically~*~*~ (outnumbered).
  3285 | D:5      | 3285 ||| Stepping ~*~*~tactically~*~*~ (outnumbered).
  3289 | D:5      | 3289 ||| Stepping ~*~*~tactically~*~*~ (outnumbered).
  3291 | D:5      | 3291 ||| Stepping ~*~*~tactically~*~*~ (outnumbered).
  3293 | D:5      | 3293 ||| Stepping ~*~*~tactically~*~*~ (outnumbered).
  3294 | D:5      | 3294 ||| Stepping ~*~*~tactically~*~*~ (outnumbered).
  3297 | D:5      | Killed Pikel
  3298 | D:5      | Reached skill level 10 in Unarmed Combat
  3298 | D:5      | Reached XP level 8. HP: 55/75 MP: 8/8
  3397 | D:5      | Reached skill level 1 in Throwing
  3533 | D:5      | 3533 ||| UPGRADING to +0 cloak.
  3538 | D:5      | 3538 ||| READING scroll labelled BOMAAPTUIRA.
  3538 | D:5      | Identified a scroll of acquirement
  3538 | D:5      | 3538 ||| ACQUIRING +0 hat of Satisfaction {Str+3}
  3538 | D:5      | Acquired the +0 hat of Satisfaction {Str+3}
  3540 | D:5      | 3540 ||| UPGRADING to +0 hat of Satisfaction {Str+3}.
  3545 | D:5      | 3545 ||| READING scroll labelled YSTRONA OHUT.
  3546 | D:5      | 3546 ||| DRINKING 2 inky potions.
  3547 | D:5      | 3547 ||| DROPPING potion of magic.
  3589 | D:6      | 3589 ||| Stepping ~*~*~tactically~*~*~ (stealth).
  3591 | D:6      | 3591 ||| Stepping ~*~*~tactically~*~*~ (hiding).
  3595 | D:6      | Reached skill level 1 in Dodging
  3596 | D:6      | 3596 ||| STAIRDANCE
  3603 | D:5      | 3603 ||| INVOKING Fiery Armour.
  3636 | D:6      | 3636 ||| STAIRDANCE
  3642 | D:6      | 3642 ||| STAIRDANCE
  3662 | D:6      | 3662 ||| Stepping ~*~*~tactically~*~*~ (hiding).
  3864 | D:6      | 3864 ||| Stepping ~*~*~tactically~*~*~ (outnumbered).
  3865 | D:6      | 3865 ||| Stepping ~*~*~tactically~*~*~ (outnumbered).
  3866 | D:6      | 3866 ||| Stepping ~*~*~tactically~*~*~ (outnumbered).
  3867 | D:6      | 3867 ||| Stepping ~*~*~tactically~*~*~ (outnumbered).
  3912 | D:6      | Reached skill level 11 in Unarmed Combat
  3912 | D:6      | Reached XP level 9. HP: 59/84 MP: 9/9
  4066 | D:6      | Found a hide-covered altar of Uskayaw.
  4171 | D:6      | Found a runed translucent door.
  4172 | D:6      | Noticed qw's ghost (novice TeWr)
  4225 | D:6      | Noticed Maggie
  4236 | D:6      | 4236 ||| INVOKING Fiery Armour.
  4238 | D:6      | Killed Maggie
  4456 | D:6      | Found a broken altar of Ashenzari.
  4567 | D:6      | 4567 ||| UPGRADING to +0 steam dragon scales.
  4577 | D:6      | 4577 ||| DROPPING +0 robe.
  4578 | D:6      | 4578 ||| READING scroll labelled WATEAG VIAXT.
  4583 | D:6      | 4583 ||| READING 6 scrolls of identify.
  4583 | D:6      | 4583 ||| IDENTIFYING amethyst potion
  4584 | D:6      | 4584 ||| READING 5 scrolls of identify.
  4584 | D:6      | 4584 ||| IDENTIFYING silvery potion
  4672 | D:7      | 4672 ||| Stepping ~*~*~tactically~*~*~ (outnumbered).
  4675 | D:7      | 4675 ||| Stepping ~*~*~tactically~*~*~ (outnumbered).
  4676 | D:7      | 4676 ||| Stepping ~*~*~tactically~*~*~ (outnumbered).
  4677 | D:7      | 4677 ||| Stepping ~*~*~tactically~*~*~ (outnumbered).
  4678 | D:7      | 4678 ||| Stepping ~*~*~tactically~*~*~ (outnumbered).
  4680 | D:7      | 4680 ||| Stepping ~*~*~tactically~*~*~ (outnumbered).
  4681 | D:7      | 4681 ||| Stepping ~*~*~tactically~*~*~ (outnumbered).
  4682 | D:7      | 4682 ||| Stepping ~*~*~tactically~*~*~ (outnumbered).
  4683 | D:7      | 4683 ||| Stepping ~*~*~tactically~*~*~ (outnumbered).
  4684 | D:7      | 4684 ||| Stepping ~*~*~tactically~*~*~ (outnumbered).
  4685 | D:7      | 4685 ||| Stepping ~*~*~tactically~*~*~ (outnumbered).
  4713 | D:7      | Reached skill level 1 in Armour
  4714 | D:7      | 4714 ||| Stepping ~*~*~tactically~*~*~ (outnumbered).
  4715 | D:7      | 4715 ||| Stepping ~*~*~tactically~*~*~ (outnumbered).
  4716 | D:7      | 4716 ||| Stepping ~*~*~tactically~*~*~ (outnumbered).
  4717 | D:7      | 4717 ||| Stepping ~*~*~tactically~*~*~ (outnumbered).
  4718 | D:7      | 4718 ||| Stepping ~*~*~tactically~*~*~ (outnumbered).
  4719 | D:7      | 4719 ||| Stepping ~*~*~tactically~*~*~ (outnumbered).
  4720 | D:7      | 4720 ||| Stepping ~*~*~tactically~*~*~ (outnumbered).
  4721 | D:7      | 4721 ||| Stepping ~*~*~tactically~*~*~ (outnumbered).
  4722 | D:7      | 4722 ||| Stepping ~*~*~tactically~*~*~ (outnumbered).
  4723 | D:7      | 4723 ||| Stepping ~*~*~tactically~*~*~ (outnumbered).
  5004 | D:7      | 5004 ||| INVOKING Fiery Armour.
  5010 | D:7      | Reached skill level 12 in Unarmed Combat
  5181 | D:7      | You fall into a shaft and drop 2 floors!
  5182 | D:9      | 5182 ||| READING scroll labelled CADAED BUNNEU.
  5183 | D:9      | 5183 ||| Stepping randomly (stuck).
  5184 | D:9      | 5184 ||| Stepping ~*~*~tactically~*~*~ (cloud).
  5854 | D:8      | 5854 ||| Stepping ~*~*~tactically~*~*~ (hiding).
  5855 | D:8      | 5855 ||| Stepping ~*~*~tactically~*~*~ (hiding).
  5860 | D:8      | 5860 ||| Stepping ~*~*~tactically~*~*~ (outnumbered).
  5861 | D:8      | 5861 ||| Stepping ~*~*~tactically~*~*~ (outnumbered).
  5862 | D:8      | 5862 ||| Stepping ~*~*~tactically~*~*~ (outnumbered).
  5863 | D:8      | 5863 ||| Stepping ~*~*~tactically~*~*~ (outnumbered).
  5864 | D:8      | 5864 ||| Stepping ~*~*~tactically~*~*~ (outnumbered).
  5874 | D:8      | 5874 ||| FLEEEEING.
  5875 | D:8      | 5875 ||| FLEEEEING.
  6232 | D:8      | Found a glowing golden altar of the Shining One.
  6335 | D:8      | 6335 ||| READING 7 scrolls of identify.
  6335 | D:8      | 6335 ||| IDENTIFYING fizzy clear potion
  6359 | D:9      | 6359 ||| INVOKING Fiery Armour.
  6364 | D:9      | 6364 ||| Stepping ~*~*~tactically~*~*~ (outnumbered).
  6402 | D:9      | Found an ornate altar of the Wu Jian Council.
  6449 | D:9      | 6449 ||| Stepping ~*~*~tactically~*~*~ (stealth).
  6459 | D:9      | 6459 ||| Stepping ~*~*~tactically~*~*~ (outnumbered).
  6461 | D:9      | 6461 ||| Stepping ~*~*~tactically~*~*~ (outnumbered).
  6508 | D:9      | Reached skill level 13 in Unarmed Combat
  6508 | D:9      | Noticed a troll
  6508 | D:9      | Noticed a two-headed ogre
  6509 | D:9      | 6509 ||| INVOKING Fiery Armour.
  6514 | D:9      | Reached XP level 10. HP: 77/96 MP: 10/10
  6517 | D:9      | 6517 ||| FLEEEEING.
  6522 | D:9      | Killed a two-headed ogre
  6578 | D:9      | Found a radiant altar of Vehumet.
  6674 | D:9      | 6674 ||| INVOKING Fiery Armour.
  6909 | D:9      | Reached skill level 3 in Throwing
  6909 | D:9      | 6909 ||| FLEEEEING.
  6910 | D:9      | 6910 ||| FLEEEEING.
  6911 | D:9      | 6911 ||| FLEEEEING.
  6947 | D:9      | 6947 ||| UPGRADING to +0 troll leather armour.
  6957 | D:9      | 6957 ||| DROPPING +0 steam dragon scales.
  6958 | D:9      | 6958 ||| UPGRADING to +0 kite shield.
  6981 | D:10     | Entered Level 10 of the Dungeon
  7101 | D:10     | Reached skill level 1 in Shields
  7128 | D:10     | Reached skill level 3 in Shields
  7187 | D:10     | Found a staircase to the Lair.
  7423 | D:10     | Found a bloodstained altar of Trog.
  7554 | D:10     | Found Ottun's Overcharged Wands.
  7567 | D:10     | 7567 ||| SHOPLISTING wand of digging (11) (693 gold, have
                  | 680).
  7657 | D:10     | 7657 ||| PLANNING LAIR
  7657 | D:10     | 7657 ||| READING 7 scrolls of identify.
  7657 | D:10     | 7657 ||| IDENTIFYING black potion
  7658 | D:10     | 7658 ||| DROPPING potion of flight.
  7683 | Lair:1   | Entered Level 1 of the Lair of Beasts
  7714 | Lair:1   | Noticed Fannar
  7722 | Lair:1   | 7722 ||| INVOKING Fiery Armour.
  7728 | Lair:1   | HP: 11/96 [Fannar/staff of cold (23)]
  7729 | Lair:1   | 7729 ||| READING scroll of teleportation.
  7729 | Lair:1   | HP: 4/96 [Fannar/staff of cold (9)]
  7730 | Lair:1   | 7730 ||| DRINKING potion of heal wounds.
  7731 | Lair:1   | Killed from afar by Fannar

Levels and vault maps discovered:
D:1:      dpeg_arrival_tiny_d, layout_loops_ring
D:2:      layout_basic, kennysheep_generic_room_6, uniq_terence
D:3:      gammafunk_wand_slinger, layout_basic, cheibriados_altar_1,
          gammafunk_ghost_stat_death, serial_shops, shop
D:4:      layout_basic, kennysheep_little_box, lemuel_tele_altar,
          lemuel_round_altar, mainiacjoe_overflow_catch_the_wave,
          fedhas_altar_4, minmay_temple_entry_poolview, serial_shops,
          nicolae_diamond_shop
D:5:      layout_basic, grunt_dithmenos_smoke_and_mirrors,
          minmay_misc_feat_five, uniq_pikel
D:6:      layout_basic, nicolae_uskayaw_dance_hall, marbit_many_paths,
          gammafunk_ghost_grave, chequers_serial_rivers_small_3, uniq_maggie
D:7:      layout_layer_cave, kennysheep_small_circle
D:8:      layout_basic, tso_altar
D:9:      layout_roguey, nicolae_wu_jian_wuxing_cycle, vehumet_altar_wand_db,
          enter_bailey_3
D:10:     layout_loops_ring, trog_three_pillars_becter, lair_entry_dummy,
          nicolae_shop_overcharged_wands
Lair:1:   layout_long_grid, lemuel_fruit_fields, uniq_joseph, uniq_fannar,
          uniq_amaemon

Skill      XL: |  1  2  3  4  5  6  7  8  9 10 |
---------------+-------------------------------+-----
Unarmed Combat | 4 5 7 8 10 11 13 | 13.6
Fighting       | 3 4 5 |  5.3
Throwing       | 1 2 4 |  4.0
Dodging        | 1 |  1.0
Armour         | 1 2 |  2.3
Shields        | 4 |  4.8
Spellcasting   | |  1.0
Fire Magic     | |  2.1

Action                   |  1- 3 |  4- 6 |  7- 9 | 10-12 || total
-------------------------+-------+-------+-------+-------++-------
Melee: Unarmed           |    53 |   132 |   218 |    75 ||   478
       Punch             |       |     2 |     4 |     1 ||     7
Throw: Boomerang         |       |       |    42 |     2 ||    44
       Javelin           |       |       |       |    16 ||    16
Invok: Fiery Armour      |     1 |     3 |     6 |     2 ||    12
  Use: Scroll            |     3 |    11 |     7 |     2 ||    23
       Potion            |       |     2 |     1 |     1 ||     4
Armor: Robe              |    19 |    31 |    36 |       ||    86
       Steam dragon scal |       |       |    61 |    10 ||    71
       Troll leather arm |       |       |       |    11 ||    11
Dodge: Dodged            |    18 |    35 |    90 |    20 ||   163
Block: Kite shield       |       |       |       |    10 ||    10

Table legend:
 A = Non-vault XP
 B = Vault XP
 C = Vault XP percentage of total XP
 D = Non-vault monster count
 E = Vault monster count
 F = Vault count percentage of total count
                 A         B        C        D         E       F
            +---------+---------+-------+---------+---------+-------
      Total |    8323 |    1470 |  15.0 |     165 |      12 |   6.8
            +---------+---------+-------+---------+---------+-------
        D:1 |      18 |       0 |   0.0 |      11 |       0 |   0.0
        D:2 |      89 |      38 |  29.9 |      18 |       2 |  10.0
        D:3 |     150 |       0 |   0.0 |      17 |       0 |   0.0
        D:4 |     319 |       0 |   0.0 |      17 |       0 |   0.0
        D:5 |     960 |     673 |  41.2 |      18 |       1 |   5.3
        D:6 |     606 |     521 |  46.2 |      15 |       2 |  11.8
        D:7 |     464 |     232 |  33.3 |      14 |       2 |  12.5
        D:8 |     984 |       0 |   0.0 |      15 |       0 |   0.0
        D:9 |    2881 |       6 |   0.2 |      29 |       5 |  14.7
       D:10 |    1555 |       0 |   0.0 |      10 |       0 |   0.0
     Lair:1 |     297 |       0 |   0.0 |       1 |       0 |   0.0
            +---------+---------+-------+---------+---------+-------
